Map: Newkirk Precinct TE (Void)

Players

ShoWTimE - Winner!

  • Race: Protoss Protoss
  • Spawn Location: 7:00

Dark

  • Race: Zerg Zerg
  • Spawn Location: 5:00

Event: IEM XI Katowice - World Championship 2017

VOD

Have the link to the VOD?

Description

Time

  • Played on: March 3, 2017, 4:11 p.m.
  • Length: 13:07

All games in this series

Show
View Real Time Build Order
Export as new Build Order

ShoWTimE Protoss - Winner!

Build Orders: 1 Gate Expand, Oracle Opening 

Get SALT Encoding   

  12  0:01  Probe (Chrono Boost)  
  13  0:11  Probe (Chrono Boost)  
  14  0:18  Pylon  
  14  0:22  Probe (Chrono Boost)  
  15  0:37  Probe (Chrono Boost)  
  15  0:39  Gateway  
  16  0:44  Assimilator  
  16  0:49  Probe (Chrono Boost)  
  17  0:59  Probe (Chrono Boost)  
  18  1:10  Probe (Chrono Boost)  
  19  1:24  Nexus  
  19  1:26  Probe (Chrono Boost)  
  20  1:37  Cybernetics Core  
  21  1:40  Probe (Chrono Boost)  
  21  1:45  Assimilator  
  21  1:50  Probe (Chrono Boost)  
  22  1:55  Pylon  
  22  2:01  Probe (Chrono Boost)  
  23  2:10  Adept  
  23  2:14  Warp Gate  
  23  2:15  Probe (Chrono Boost)  
  26  2:27  Probe (Chrono Boost)  
  27  2:33  Stargate  
  27  2:36  Adept, Probe (Chrono Boost)  
  28  2:39  Probe (Chrono Boost)  
  31  2:46  Probe (Chrono Boost)  
  33  2:51  Probe (Chrono Boost)  
  33  2:57  Probe (Chrono Boost)  
  34  3:03  Probe (Chrono Boost)  
  35  3:09  Probe (Chrono Boost), Gateway  
  35  3:10  Gateway  
  36  3:13  Oracle  
  36  3:16  Probe (Chrono Boost)  
  40  3:20  Adept  
  40  3:22  Probe (Chrono Boost)  
  44  3:28  Probe (Chrono Boost)  
  44  3:31  Pylon  
  45  3:34  Probe (Chrono Boost)  
  45  3:40  Probe (Chrono Boost)  
  46  3:43  Pylon  
  46  3:46  Oracle  
  46  3:50  Assimilator, Probe (Chrono Boost)  
  46  3:52  Probe (Chrono Boost)  
  51  3:56  Assimilator  
  51  4:01  Probe (Chrono Boost)  
  52  4:05  Probe (Chrono Boost)  
  52  4:07  Pylon  
  53  4:12  Probe (Chrono Boost)  
  53  4:17  Probe (Chrono Boost)  
  55  4:18  Adept  
  55  4:19  Adept x2  
  55  4:22  Probe (Chrono Boost)  
  55  4:23  Void Ray  
  62  4:29  Probe (Chrono Boost)  
  69  4:39  Mothership Core (Chrono Boost)  
  69  4:41  Pylon  
  69  4:43  Probe (Chrono Boost)  
  70  4:51  Pylon  
  70  4:54  Nexus  
  70  4:59  Probe (Chrono Boost)  
  72  5:01  Probe (Chrono Boost)  
  72  5:02  Pylon  
  72  5:08  Forge  
  72  5:12  Pylon, Probe (Chrono Boost)  
  72  5:13  Probe (Chrono Boost)  
  74  5:14  Sentry x2  
  78  5:23  Probe (Chrono Boost)  
  78  5:24  Robotics Facility  
  78  5:25  Probe (Chrono Boost)  
  80  5:30  Protoss Ground Weapons Level 1  
  80  5:31  Twilight Council  
  80  5:33  Probe (Chrono Boost)  
  82  5:37  Probe (Chrono Boost)  
  82  5:43  Assimilator  
  82  5:44  Probe (Chrono Boost)  
  82  5:49  Assimilator, Probe (Chrono Boost)  
  84  5:52  Photon Cannon  
  84  5:54  Probe (Chrono Boost)  
  85  6:01  Probe (Chrono Boost)  
  86  6:05  Probe (Chrono Boost)  
  86  6:06  Charge, Photon Cannon  
  86  6:07  Probe (Chrono Boost)  
  86  6:08  Pylon  
  86  6:09  Observer  
  88  6:13  Probe (Chrono Boost)  
  88  6:17  Probe (Chrono Boost)  
  92  6:19  Probe (Chrono Boost)  
  92  6:20  Templar Archives  
  93  6:25  Probe (Chrono Boost)  
  93  6:29  Probe (Chrono Boost)  
  93  6:31  Probe (Chrono Boost), Warp Prism  
  95  6:34  Gateway  
  95  6:35  Gateway  
  95  6:38  Probe (Chrono Boost)  
  98  6:41  Robotics Facility  
  98  6:44  Psionic Storm  
  95  6:57  Gateway  
  95  6:58  High Templar x2, Gateway  
  99  7:05  High Templar  
  99  7:07  Immortal  
  99  7:08  Gateway  
  105  7:16  Gateway  
  105  7:17  Gateway  
  105  7:18  Pylon  
  105  7:26  Immortal  
  105  7:29  Photon Cannon  
  105  7:31  Photon Cannon  
  105  7:32  Pylon  
  105  7:34  Protoss Ground Weapons Level 2  
  105  7:35  Pylon  
  109  7:40  High Templar  
  109  7:42  Immortal  
  111  7:50  High Templar  
  117  8:01  Immortal  
  114  8:09  Nexus  
  118  8:13  Pylon  
  118  8:15  High Templar x2  
  118  8:16  Pylon, Immortal  
  122  8:23  Archon  
  126  8:32  Photon Cannon  
  126  8:35  Photon Cannon  
  126  8:40  Immortal  
  130  8:49  Zealot x2, High Templar x2  
  130  8:50  Zealot  
  130  8:52  Pylon  
  130  8:53  Archon  
  130  8:54  Zealot x2  
  139  9:08  Zealot  
  140  9:15  Zealot x3  
  132  9:20  Zealot, Immortal  
  132  9:24  Zealot  
  118  9:28  High Templar  
  118  9:29  High Templar x2, Observer, Pylon  
  118  9:30  Pylon  
  128  9:35  Probe x2 (Chrono Boost)  
  128  9:37  Zealot  
  128  9:38  Zealot x2, Assimilator  
  137  9:41  Probe (Chrono Boost)  
  137  9:42  Assimilator  
  137  9:44  Zealot x2  
  136  9:56  Zealot  
  136  10:00  Probe x2 (Chrono Boost)  
  136  10:02  Zealot x2  
  136  10:04  High Templar  
  140  10:08  High Templar x2  
  140  10:13  Probe (Chrono Boost)  
  145  10:15  Photon Cannon  
  145  10:16  Pylon, Probe x2 (Chrono Boost)  
  145  10:18  Protoss Ground Weapons Level 3  
  147  10:23  Zealot x5, Immortal x2  
  147  10:26  Probe (Chrono Boost)  
  147  10:28  Probe (Chrono Boost)  
  165  10:37  Probe (Chrono Boost)  
  165  10:40  Archon  
  165  10:41  High Templar x2  
  167  10:45  Archon  
  167  10:48  Pylon  
  167  10:49  Pylon  
  167  10:51  Pylon  
  167  10:52  Zealot x3  
  167  10:54  Pylon  
  173  10:59  High Templar, Observer  
  173  11:00  Zealot, High Templar  
  180  11:04  Photon Cannon  
  180  11:05  Archon, Photon Cannon  
  180  11:18  High Templar x2  
  180  11:19  Zealot x2  
  180  11:22  Archon  
  151  11:37  High Templar x2  
  151  11:38  Zealot x3  
  151  11:42  Zealot, Archon  
  151  11:43  Zealot  
  137  11:57  Archon x2  
  137  11:59  Zealot x5  
  133  12:05  High Templar x2  
  135  12:09  Archon, Immortal x2  
  135  12:12  Zealot x2  
  145  12:23  High Templar  
  145  12:24  High Templar x2  
  145  12:25  Zealot, High Templar  
  145  12:29  Archon x2  
  153  12:41  Zealot x4  
  131  12:48  Zealot  
Show
View Real Time Build Order
Export as new Build Order

Dark Zerg 

Build Orders: Pool First 

Get SALT Encoding   

  12  0:02  Drone  
  13  0:13  Overlord  
  13  0:17  Drone  
  14  0:32  Drone x2  
  16  0:35  Drone  
  17  0:46  Extractor  
  17  0:47  Drone  
  17  0:51  Spawning Pool  
  16  0:58  Drone  
  17  1:08  Drone  
  18  1:20  Drone  
  18  1:24  Hatchery  
  18  1:30  Drone  
  19  1:38  Queen  
  21  1:42  Zergling x2  
  22  1:48  Metabolic Boost  
  22  1:55  Overlord  
  22  2:13  Queen  
  22  2:15  Drone x2  
  27  2:22  Drone  
  27  2:41  Hatchery  
  26  2:48  Drone x5  
  30  2:53  Drone  
  31  2:59  Overlord  
  31  3:02  Zergling x2  
  31  3:03  Zergling x2  
  33  3:09  Queen  
  35  3:18  Drone x2  
  37  3:20  Drone x2  
  37  3:21  Drone  
  37  3:24  Drone  
  37  3:25  Drone  
  37  3:27  Drone  
  43  3:35  Overlord  
  43  3:42  Spore Crawler  
  43  3:44  Spore Crawler  
  43  3:45  Evolution Chamber, Drone  
  41  3:50  Queen  
  41  3:53  Drone x2  
  41  3:54  Drone  
  46  3:57  Drone x2  
  48  4:05  Drone x2  
  50  4:11  Spore Crawler, Drone x2  
  50  4:12  Zerg Melee Weapons Level 1  
  50  4:21  Extractor  
  50  4:22  Baneling Nest, Drone x3  
  51  4:27  Zergling x8  
  51  4:29  Zergling x4  
  57  4:38  Overlord  
  57  4:48  Overlord  
  57  4:50  Zergling x2  
  58  4:54  Lair  
  58  4:59  Drone x3  
  61  5:01  Drone x2  
  61  5:02  Drone x2  
  61  5:04  Drone  
  61  5:05  Overlord  
  65  5:07  Drone x5  
  65  5:11  Drone x3  
  73  5:17  Overlord  
  71  5:24  Drone x3  
  73  5:30  Drone  
  73  5:35  Drone x2  
  76  5:37  Drone x2  
  76  5:39  Drone x4  
  76  5:41  Extractor  
  76  5:42  Extractor  
  80  5:44  Extractor  
  80  5:46  Extractor, Drone x3  
  80  5:47  Drone x2  
  82  5:52  Hydralisk Den  
  82  5:56  Drone x2  
  78  5:58  Drone  
  78  6:02  Hatchery  
  78  6:06  Drone x2  
  78  6:08  Drone  
  81  6:15  Overlord x2  
  81  6:16  Zerg Melee Weapons Level 2  
  81  6:24  Hydralisk x3, Muscular Augments  
  81  6:25  Hydralisk x2  
  87  6:33  Drone x2  
  87  6:34  Drone  
  87  6:37  Hydralisk x3  
  96  6:43  Hatchery  
  96  6:46  Hydralisk x2  
  96  6:47  Hydralisk  
  95  6:54  Hydralisk  
  101  6:55  Overseer  
  103  7:01  Centrifical Hooks, Overlord x3  
  103  7:16  Baneling x6  
  103  7:20  Hydralisk x4  
  103  7:21  Zergling x2  
  103  7:22  Zergling x14  
  118  7:28  Hydralisk x2  
  122  7:36  Drone x6  
  128  7:43  Overlord x2  
  128  7:44  Overlord  
  128  7:45  Overlord  
  128  7:47  Hydralisk x2  
  128  7:49  Zergling x4  
  134  7:58  Overlord  
  134  8:04  Zergling x2  
  134  8:05  Zergling x16  
  143  8:10  Zergling x10  
  148  8:14  Zergling x12  
  148  8:16  Baneling x6  
  148  8:17  Baneling x2  
  153  8:22  Baneling x6  
  153  8:23  Zergling x6  
  153  8:29  Drone x2  
  153  8:31  Drone  
  154  8:35  Zergling x16  
  154  8:39  Zergling x4  
  164  8:45  Baneling x15  
  164  8:47  Zergling x2  
  164  8:48  Zergling x2  
  166  8:50  Zerg Ground Armor Level 1  
  166  8:52  Baneling  
  166  8:53  Baneling x4  
  166  8:54  Baneling x2  
  166  9:01  Zergling x4  
  160  9:06  Zergling x16  
  148  9:13  Zergling x10  
  148  9:15  Zergling x12  
  149  9:20  Hydralisk x3  
  149  9:23  Hydralisk  
  133  9:26  Drone x3  
  133  9:27  Drone  
  137  9:34  Infestation Pit  
  137  9:35  Hydralisk  
  137  9:36  Zergling x4, Drone x2  
  137  9:37  Drone  
  143  9:40  Overseer  
  142  9:45  Drone  
  142  9:46  Drone x2  
  142  9:52  Drone x5  
  141  10:04  Baneling x2  
  141  10:05  Baneling x2  
  137  10:08  Extractor  
  137  10:10  Hydralisk x3, Extractor  
  137  10:11  Zergling x16  
  137  10:12  Hive  
  149  10:16  Zergling x8  
  149  10:17  Baneling, Evolution Chamber  
  149  10:19  Hatchery  
  151  10:22  Overlord  
  151  10:23  Zergling x4  
  149  10:29  Overseer  
  143  10:36  Drone x3  
  143  10:40  Spine Crawler, Zergling x14  
  143  10:41  Zergling x2  
  148  10:44  Baneling x10  
  148  10:49  Zergling x4  
  150  10:55  Zergling x2  
  150  10:56  Zergling x4  
  153  10:57  Drone x3  
  153  10:58  Drone  
  153  10:59  Drone x2  
  153  11:00  Zergling x4  
  153  11:03  Baneling x6  
  153  11:04  Baneling x2  
  161  11:07  Baneling x5  
  161  11:08  Baneling x8  
  161  11:14  Overlord  
  161  11:15  Zergling x4  
  161  11:17  Baneling x5  
  161  11:18  Baneling x4  
  149  11:26  Zergling x6  
  149  11:27  Zergling x10  
  157  11:37  Baneling  
  157  11:38  Baneling x8  
  157  11:39  Baneling x7  
  151  11:40  Zergling x12  
  142  11:59  Zergling x24  
  112  12:03  Baneling x4  
  112  12:04  Zergling x2  
  112  12:05  Zergling x2  
  112  12:07  Zergling x4  
  112  12:08  Zergling x2  
  111  12:10  Zergling x2  
  111  12:14  Zergling x2, Baneling x3  
  111  12:15  Zergling x16  
  118  12:19  Baneling x3  
  118  12:20  Zergling x6  
  118  12:21  Baneling x2  
  118  12:22  Baneling x3  
  120  12:23  Baneling  
  120  12:25  Zergling x2  
  120  12:26  Zergling x2  
  120  12:28  Baneling x5  
  120  12:29  Zergling x2  
  124  12:30  Zergling x4  
  124  12:35  Zergling x4  
  117  12:39  Zergling x8  
  117  12:42  Hydralisk x2  
  117  12:43  Zergling x2  
  104  12:48  Zergling x4  
  102  12:52  Baneling x2  

Tags
 
Add a new tag
Caveats
  • Supply blocks, unpowered buildings, or Contaminate may cause inaccurate times.
  • Supply counts are checked every 10 seconds.